 Dungeon Crawl Stone Soup version 0.29-a0-1047-g7c58e119a4 (webtiles) character file.

Game seed: 10855951370454233228

268 polve the Ruffian (level 6, 0/49 HPs)
             Began as a Demonspawn Abyssal Knight on Aug 16, 2022.
             Was a Priest of Lugonu.
             Slain by a black bear (4 damage)
             ... on level 4 of the Dungeon.
             The game lasted 00:04:19 (6047 turns).

polve the Ruffian (Demonspawn Abyssal Knight)       Turns: 6047, Time: 00:04:19

Health: 0/49       AC:  8    Str: 15    XL:     6   Next: 1%
Magic:  7/7        EV: 10    Int: 11    God:    Lugonu [***...]
Gold:   167        SH:  0    Dex: 14    Spells: 5/5 levels left

rFire   . . .      SeeInvis .     - Unarmed
rCold   . . .      Faith    .   (no shield)
rNeg    . . .      Spirit   .   g - +0 ring mail
rPois   +          Reflect  .   o - +0 helmet
rElec   .          Harm     .   (no cloak)
rCorr   .          Rampage  .   (no gloves)
Will    .....                   (no boots)
Stlth   +.........              (no amulet)
HPRegen 0.16/turn               f - ring of poison resistance
MPRegen 0.10/turn               (no ring)

@: no status effects
A: claws 1, rugged brown scales 2
a: Renounce Religion, Depart the Abyss, Bend Space, Banish


You were on level 4 of the Dungeon.
You worshipped Lugonu.
Lugonu was most pleased with you.
You visited 1 branch of the dungeon, and saw 4 of its levels.
You visited the Abyss 1 time.

You collected 167 gold pieces.

Inventory:

Hand Weapons
 a - a +1 hand axe
Armour
 b - a +0 leather armour
 g - a +0 ring mail (worn)
 o - a +0 helmet (worn)
Jewellery
 f - a ring of poison resistance (left claw)
 i - a ring of fire
 q - a ring of fire
Scrolls
 c - 2 scrolls of amnesia {unknown}
 d - 2 scrolls of poison {unknown}
 j - 3 scrolls of magic mapping {unknown}
 r - a scroll of identify {unknown}
 s - a scroll of fear {unknown}
Potions
 e - a potion of flight {unknown}
 h - a potion of haste {unknown}
 k - 3 potions of invisibility {unknown}
 l - 2 potions of might {unknown}
 m - a potion of curing {unknown}
 n - a potion of brilliance {unknown}
 p - 2 potions of lignification {unknown}
 t - a potion of degeneration {unknown}


   Skills:
 - Level 3.0 Fighting
 - Level 3.2 Axes
 - Level 1.7 Armour
 - Level 0.8 Dodging
 + Level 4.6 Unarmed Combat
 - Level 2.4 Invocations


You had 5 spell levels left.
You didn't know any spells.
Your spell library was empty.

Dungeon Overview and Level Annotations

Branches:
Dungeon (4/15)
 Temple: D:4-7

Altars:
Ashenzari
Sif Muna

Shops:
D:1 :


Innate Abilities, Weirdness & Mutations

You have sharp fingernails.
You are mostly covered in rugged brown scales. (AC +2, +5% HP)


Message History

The black bear claws you but does no damage.
You claw the black bear!
The black bear is moderately wounded.
The black bear bites you but does no damage.
The black bear claws you but does no damage.
The black bear claws you.
You barely miss the black bear.
The black bear is moderately wounded.
The black bear bites you. The black bear claws you.
The black bear closely misses you.
You are too injured to fight recklessly!
You are too injured to fight recklessly!
You are too injured to fight recklessly!
You are too injured to fight recklessly!
You are too injured to fight recklessly!
You are too injured to fight recklessly!
You scratch the black bear.
The black bear is moderately wounded.
The black bear bites you but does no damage.
The black bear barely misses you. The black bear claws you.
You claw the black bear!
The black bear is severely wounded.
The black bear goes berserk!
You barely miss the black bear.
The black bear is severely wounded.
The black bear bites you. The black bear claws you. x2
You scratch the black bear.
The black bear is severely wounded.
The black bear bites you!
The black bear claws you but does no damage.
The black bear barely misses you. The black bear bites you!
The black bear closely misses you. x2
You claw the black bear!
The black bear is almost dead.
The black bear bites you!
* * * LOW HITPOINT WARNING * * *
The black bear claws you.
* * * LOW HITPOINT WARNING * * *
The black bear claws you.
You die...

##########
.#########.#.#
.........#.#.#
..######.#...#####
.......#.#.......#
.......#.#... ...#
..#....#.#..# #..#
..######.#..# #.h# #
.........#..###.@#.#
...#######.......#.#
.....#.............#
.#.#.#.####.####.###
.......รท...>...#.#
.#)#.#.#.###.....#
.#.#.#.#.############
.#...#...............
.#####.#.############


You could see a black bear (berserk).

Vanquished Creatures
  A scorpion (D:4)
  Robin (D:2)
  4 gnolls (D:3)
  4 adders
  A worm (D:2)
  4 dart slugs
  4 orcs (D:3)
  9 endoplasms
  A giant cockroach (D:3)
  16 goblins
  13 hobgoblins
  7 jackals
  4 quokkas
  6 ball pythons
  10 bats
  2 frilled lizards
  8 kobolds
  7 rats
102 creatures vanquished.

Vanquished Creatures (others)
  A fungus (D:2)
1 creature vanquished.

Grand Total: 103 creatures vanquished

Notes
Turn   | Place    | Note
-------+----------+-------------------------------------------
     0 | Abyss:1  | polve the Demonspawn Abyssal Knight began the quest for the
                  | Orb.
     0 | Abyss:1  | Reached XP level 1. HP: 18/18 MP: 2/2
    54 | D:1      | Escaped the Abyss
   120 | D:1      | Reached ** piety under Lugonu
   309 | D:1      | Gained mutation: You are partially covered in rugged brown
                  | scales. (AC +1, +3% HP) [demonic ancestry]
   309 | D:1      | Reached XP level 2. HP: 10/24 MP: 3/3
   576 | D:1      | Found Ylaikk's Book Shoppe.
  1011 | D:1      | Gained mutation: You have sharp fingernails. [demonic
                  | ancestry]
  1011 | D:1      | Reached XP level 3. HP: 27/29 MP: 4/4
  1361 | D:1      | Reached skill level 1 in Unarmed Combat
  2718 | D:2      | Reached skill level 2 in Unarmed Combat
  2718 | D:2      | Reached XP level 4. HP: 34/36 MP: 5/5
  2720 | D:2      | Noticed Robin
  2751 | D:2      | Reached *** piety under Lugonu
  2773 | D:2      | Killed Robin
  2994 | D:2      | Found a faded altar of an unknown god.
  3815 | D:3      | Found a broken altar of Ashenzari.
  3949 | D:3      | Reached skill level 3 in Unarmed Combat
  4150 | D:3      | Reached XP level 5. HP: 40/42 MP: 6/6
  4163 | D:3      | Found a shimmering blue altar of Sif Muna.
  4925 | D:3      | Reached **** piety under Lugonu
  4926 | D:3      | Reached skill level 4 in Unarmed Combat
  5809 | D:4      | Gained mutation: You are mostly covered in rugged brown
                  | scales. (AC +2, +5% HP) [demonic ancestry]
  5809 | D:4      | Reached XP level 6. HP: 42/49 MP: 7/7
  6047 | D:4      | Slain by a black bear

Illustrated notes

Levels and vault maps discovered:
D:1:      nzn_arrival_settlement, layout_basic, serial_shops,
          nicolae_shop_crystal, hangedman_decor_slide_cut
D:2:      layout_basic, dreamdust_ecumenical_altar_hidden_monk_grotto,
          basic_altar, uniq_robin
D:3:      layout_basic, cheibrodos_ashenzari_chains,
          mainiacjoe_overflow_concentric_impassable, grunt_decor_resistance
D:4:      layout_basic, kennysheep_mini_moat, kennysheep_potato

Skill      XL: |  1  2  3  4  5 |
---------------+----------------+-----
Axes           | 2 3 |  3.2
Unarmed Combat | 2 3 4 |  4.6
Fighting       | |  3.0
Armour         | |  1.7
Dodging        | |  0.8
Invocations    | |  2.4

Action                   |  1- 3 |  4- 6 || total
-------------------------+-------+-------++-------
Melee: Hand axe          |   122 |   108 ||   230
       Punch             |     1 |     3 ||     4
       Unarmed           |       |   119 ||   119
Invok: Depart the Abyss  |     1 |       ||     1
Armor: Leather armour    |    13 |       ||    13
       Ring mail         |    49 |    76 ||   125
Dodge: Dodged            |    78 |   118 ||   196

Table legend: (Time is in decaauts)
 A = Elapsed time spent in this place.
 B = Non-inter-level travel time spent in this place.
 C = Inter-level travel time spent in this place.
 D = Time resting spent in this place.
 E = Time spent auto-exploring this place.
 F = Levels seen in this place.
 G = Mean time per level.
                   A        B        C        D        E       F      G
               +--------+--------+--------+--------+--------+-----+--------+
         Total |   6072 |   5981 |     91 |      0 |   5249 |   5 | 1214.4 |
       Dungeon |   6018 |   5927 |     91 |      0 |   5196 |   4 | 1504.5 |
         Abyss |     54 |     54 |      0 |      0 |     53 |   1 |   54.0 |
               +--------+--------+--------+--------+--------+-----+--------+

Top non-repeatable levels by time:
     D:2: 2187 daAuts
     D:1: 1605 daAuts
     D:3: 1484 daAuts
     D:4: 741 daAuts
 Abyss:1: 54 daAuts
